 Dungeon Crawl Stone Soup version 0.23-b1-51-gfe822ef6ca (webtiles) character file.

Game seed: 8414946780422215828

24572 Revguard the Blocker (level 13, -11/103 HPs)
             Began as a Formicid Fighter on Feb 4, 2019.
             Was the Champion of Okawaru.
             Killed from afar by Louise (33 damage)
             ... with a bolt of lightning
             ... on level 1 of the Elven Halls.
             The game lasted 01:01:58 (10544 turns).

Revguard the Blocker (Formicid Fighter)            Turns: 10544, Time: 01:01:59

Health: -11/103    AC: 20    Str: 27    XL:     13   Next: 43%
Magic:  15/15      EV: 10    Int:  8    God:    Okawaru [******]
Gold:   1693       SH: 23    Dex: 17    Spells: 12/12 levels left

rFire    . . .     SeeInvis +   y - +1 battleaxe "Dragonslayer" {freeze, rN+}
rCold    + . .     Gourm    .   d - +2 large shield {AC+3}
rNeg     + + +     Faith    .   B - +0 plate armour {rN+}
rPois    .         Spirit   .   (helmet unavailable)
rElec    .         Reflect  .   G - +0 cloak "Pumaodi" {rC+ Dex+3}
rCorr    .         Harm     .   (no gloves)
MR       +....                  t - +1 pair of boots {Stlth+}
Stlth    ..........             n - amulet of regeneration
HPRegen  0.67/turn              q - +5 ring of strength
MPRegen  0.14/turn              s - ring of positive energy

@: lethally poisoned (-11 -> -15)
A: permanent stasis, dig shafts and tunnels, four strong arms, antennae 3
a: Dig, Shaft Self, Heroism, Finesse, Renounce Religion


You were on level 1 of the Elven Halls.
You worshipped Okawaru.
Okawaru was exalted by your worship.
You were not hungry.

You visited 4 branches of the dungeon, and saw 14 of its levels.

You collected 2015 gold pieces.
You spent 322 gold pieces at shops.

Inventory:

Hand Weapons
 y - the +1 battleaxe "Dragonslayer" (weapon) {freeze, rN+}
   (Okawaru gifted it to you on level 1 of the Elven Halls)

   It has been specially enchanted to freeze those struck by it, causing extra
   injury to most foes and up to half again as much damage against particularly
   susceptible opponents.
   It can also slow down cold-blooded creatures.
   It protects you from negative energy.
 z - the +2 broad axe "Worm's Wrath" {flame, rPois rC- MR+++ Int-5}
   (Okawaru gifted it to you on level 2 of the Orcish Mines)

   It has been specially enchanted to burn those struck by it, causing extra
   injury to most foes and up to half again as much damage against particularly
   susceptible opponents.
   Big, fiery blades are also staple armaments of hydra-hunters.
   It affects your intelligence (-5).
   It makes you vulnerable to cold.
   It protects you from poison.
   It affects your resistance to hostile enchantments.
Missiles
 w - a silver tomahawk (quivered)
Armour
 d - a +2 large shield of protection (worn)
 t - a +1 pair of boots of stealth (worn)
 B - a +0 plate armour of positive energy (worn)
 G - the +0 cloak "Pumaodi" (worn) {rC+ Dex+3}
   (You bought it in a shop on level 2 of the Orcish Mines)

   It affects your dexterity (+3).
   It protects you from cold.
Jewellery
 h - an uncursed ring of resist corrosion
 n - an amulet of regeneration (around neck)
 q - a +5 ring of strength (left hand)
 s - a ring of positive energy (right hand)
Wands
 j - a wand of flame (23)
 x - a wand of scattershot (7)
Scrolls
 b - 2 scrolls of fear
 g - a scroll of enchant armour
 m - 2 scrolls of immolation
 o - 4 scrolls of magic mapping
 p - 3 scrolls of identify
 r - 4 scrolls of remove curse
 u - 6 scrolls of teleportation
 v - 2 scrolls of amnesia
 E - 2 scrolls of fog
 F - a scroll of brand weapon
Potions
 a - 3 potions of curing
 e - a potion of degeneration
 i - a potion of agility
 k - 2 potions of flight
 l - a potion of lignification
 A - 2 potions of brilliance
 C - 3 potions of magic
Comestibles
 f - 23 rations


   Skills:
 + Level 10.0 Fighting
   Level 3.2 Long Blades
 + Level 12.6 Axes
   Level 2.0(8.5) Polearms
 + Level 7.9 Armour
 + Level 6.0 Dodging
 + Level 13.7 Shields
 + Level 3.3 Invocations


You had 12 spell levels left.
You didn't know any spells.
Your spell library contained the following spells:

 Spells                   Type           Power        Failure   Level  Hunger
 Magic Dart               Conj           #...         99%         1    ##.....
 Call Imp                 Summ           #.......     100%        2    ###....
 Slow                     Hex            #.......     100%        2    ###....
 Conjure Flame            Conj/Fire      #.......     100%        3    ####...
 Mephitic Cloud           Conj/Pois/Air  #.......     100%        3    ####...
 Blink                    Tloc           Unusable     N/A         2    N/A

Dungeon Overview and Level Annotations

Branches:
Dungeon (10/15)            Temple (1/1) D:4             Orc (2/2) D:10
    Elf (1/3) Orc:2
   Lair: D:8-11

Altars:
Cheibriados
Dithmenos
Elyvilon
Fedhas
Gozag
Hepliaklqana
Kikubaaqudgha
Makhleb
Nemelex Xobeh
Okawaru
Qazlal
Ru
Sif Muna
Uskayaw
Vehumet
Yredelemnul
Zin

Shops:
D:7 [   Orc:1 (   Orc:2 :[**%*%

Annotations:
Elf:1 Louise


Innate Abilities, Weirdness & Mutations

You cannot be hasted, slowed, berserked, paralysed or teleported.
You can dig through walls and to a lower floor.
Your four strong arms can wield two-handed weapons with a shield.
You have a pair of large antennae on your head. (SInv)


Message History

You are more poisoned.
You slash Louise! You freeze Louise.
Louise is almost dead.
You feel sick.
Louise points at you and mumbles some strange words.
The bolt of lightning hits you!!!
* * * LOW HITPOINT WARNING * * *
Louise blocks your attack.
Louise is almost dead.
You feel sick. You block Louise's attack.
Okay, then.
Louise blocks your attack.
Louise is almost dead.
You feel sick. You block Louise's attack. Louise blocks your attack.
Louise is almost dead.
You feel sick. Louise casts a spell at you. The bolt of lightning hits you!!
You die...

## { ######.+ .......#
{ ####.#### .# ##.#..#
#.# ##.#.#.# ...
##.###..## { ###.###
....#.##.# ##@......
####.###.# #@#.# .
#.###'## #..#
[###.##...## ##.###
.....#.....## #.###..
.####.......####.##.##
#.........###..#.#
+.........'.)....#
#.........####.......
##.......## #.##.##


You could see Louise.

Vanquished Creatures
  An orc warlord (Orc:2)
  Harold (D:10)
  2 two-headed ogres
  An orc high priest (Orc:1)
  Nergalle (D:10)
  2 orc knights
  9 deep elf magi
  3 orc sorcerers
  4 cyclopes
  Maurice (Orc:1)
  2 trolls (Orc:2)
  2 hippogriffs
  A water elemental (Elf:1)
  Sigmund (D:3)
  A wraith (D:10)
  4 hogs (D:9)
  A human (D:9)
  Eustachio (D:4)
  A steam dragon (D:7)
  4 wargs
  2 water moccasins
  3 sky beasts
  A swamp drake (Orc:1)
  2 ice beasts (D:7)
  A black bear (D:8)
  A necrophage (D:9)
  A phantom (D:7)
  42 orc warriors
  14 centaurs
  9 ogres
  The ghost of Gunterle the Cutter, an amateur KoBe of Trog (D:3)
  6 bullfrogs
  2 scorpions
  5 killer bees (D:8)
  2 electric eels (D:10)
  5 crimson imps
  3 centaur zombies
  4 bullfrog zombies
  3 jellies
  A centaur skeleton (D:8)
  13 orc priests
  3 hounds
  An iron imp (Orc:1)
  2 bullfrog skeletons
  3 iguanas
  Natasha (thrice) (D:3)
  25 orc wizards
  8 worker ants
  A killer bee zombie (D:9)
  2 hound skeletons
  2 worker ant zombies
  A howler monkey zombie (D:7)
  4 gnolls (D:4)
  6 adders
  3 shadow imps
  A white imp (Orc:1)
  2 adder skeletons
  7 worms
  2 leopard geckos (D:4)
  94 orcs
  8 bats
  3 giant cockroaches
  4 goblins
  7 hobgoblins
  6 jackals
  4 kobolds
  6 quokkas
  A ball python (D:6)
  6 frilled lizards
  A quokka skeleton (D:4)
  2 quokka zombies
  6 rats
388 creatures vanquished.

Vanquished Creatures (others)
  An orc wizard (Orc:1)
  9 orcs (Orc:1)
10 creatures vanquished.

Grand Total: 398 creatures vanquished

Notes
Turn   | Place    | Note
-------+----------+-------------------------------------------
     0 | D:1      | Revguard the Formicid Fighter began the quest for the Orb.
     0 | D:1      | Reached XP level 1. HP: 18/18 MP: 1/1
   272 | D:1      | Reached XP level 2. HP: 19/24 MP: 2/2
   745 | D:2      | Reached XP level 3. HP: 28/29 MP: 3/3
   781 | D:2      | Reached skill level 4 in Shields
  1028 | D:2      | Reached XP level 4. HP: 23/37 MP: 4/4
  1520 | D:3      | Noticed Natasha
  1550 | D:3      | Killed Natasha
  1806 | D:3      | Reached skill level 1 in Dodging
  1806 | D:3      | Reached XP level 5. HP: 42/42 MP: 5/5
  1809 | D:3      | Noticed Natasha
  1813 | D:3      | Killed Natasha
  1883 | D:3      | Noticed Natasha
  1888 | D:3      | Killed Natasha
  1901 | D:3      | Reached skill level 5 in Shields
  1924 | D:3      | Found a transporter.
  1926 | D:3      | Found a transporter.
  1927 | D:3      | Noticed Gunterle's ghost (amateur KoBe)
  1944 | D:3      | Noticed Sigmund
  1956 | D:3      | Killed Sigmund
  1956 | D:3      | Reached XP level 6. HP: 43/49 MP: 6/6
  2429 | D:3      | Killed Gunterle's ghost
  2429 | D:3      | Reached skill level 5 in Fighting
  2429 | D:3      | Reached skill level 6 in Shields
  2429 | D:3      | Reached XP level 7. HP: 50/56 MP: 7/7
  2570 | D:4      | Noticed Eustachio
  2593 | D:4      | Killed Eustachio
  2593 | D:4      | Reached skill level 7 in Shields
  2593 | D:4      | Reached XP level 8. HP: 58/63 MP: 8/8
  2727 | D:4      | Reached skill level 1 in Long Blades
  2853 | D:4      | Found a staircase to the Ecumenical Temple.
  2858 | Temple   | Entered the Ecumenical Temple
  2935 | Temple   | Became a worshipper of Warmaster Okawaru
  3332 | D:5      | Entered Level 5 of the Dungeon
  3574 | D:5      | Reached * piety under Okawaru
  3574 | D:5      | Reached skill level 8 in Shields
  3633 | D:5      | Reached XP level 9. HP: 69/69 MP: 4/9
  3889 | D:5      | Found a stormy altar of Qazlal.
  4001 | D:6      | Reached skill level 1 in Polearms
  4722 | D:7      | Reached skill level 1 in Invocations
  4733 | D:7      | Reached skill level 9 in Shields
  4770 | D:7      | Reached ** piety under Okawaru
  4883 | D:7      | Reached skill level 5 in Dodging
  5343 | D:7      | Found Xomozen's Armour Boutique.
  5635 | D:8      | Reached XP level 10. HP: 77/77 MP: 12/12
  5910 | D:8      | Reached skill level 5 in Axes
  5925 | D:8      | Got a transparent ring mail
  5936 | D:8      | Identified the +2 ring mail "Toban" {+Inv} (You found it on
                  | level 8 of the Dungeon)
  5958 | D:8      | Found a basalt altar of Yredelemnul.
  6196 | D:8      | Reached *** piety under Okawaru
  6312 | D:8      | Identified a scroll of acquirement
  6453 | D:9      | Reached skill level 5 in Armour
  6453 | D:9      | Reached skill level 10 in Shields
  6596 | D:9      | Reached **** piety under Okawaru
  6926 | D:9      | Found a hazy altar of Hepliaklqana.
  7136 | D:10     | Entered Level 10 of the Dungeon
  7160 | D:10     | Noticed a two-headed ogre
  7209 | D:10     | Killed a two-headed ogre
  7209 | D:10     | Received a gift from Okawaru
  7209 | D:10     | Reached skill level 11 in Shields
  7209 | D:10     | Reached XP level 11. HP: 14/84 MP: 11/13
  7214 | D:10     | HP: 3/126 [orc priest/divine providence (15)]
  7220 | D:10     | HP: 1/126 [orc priest/divine providence (16)]
  7449 | D:10     | Found a staircase to the Orcish Mines.
  7605 | D:10     | Found a blossoming altar of Fedhas.
  7774 | D:10     | Noticed a cyclops
  7774 | D:10     | Noticed Harold
  7803 | D:10     | Killed a cyclops
  7855 | D:10     | Killed Harold
  7855 | D:10     | Reached ***** piety under Okawaru
  7905 | D:10     | Noticed Nergalle
  7925 | D:10     | Killed Nergalle
  8189 | Orc:1    | Entered Level 1 of the Orcish Mines
  8195 | Orc:1    | Noticed an orc sorcerer
  8195 | Orc:1    | Noticed a cyclops
  8209 | Orc:1    | Killed an orc sorcerer
  8209 | Orc:1    | Reached skill level 12 in Shields
  8220 | Orc:1    | Killed a cyclops
  8249 | Orc:1    | Noticed an orc sorcerer
  8261 | Orc:1    | Noticed a soul eater
  8262 | Orc:1    | Killed an orc sorcerer
  8339 | Orc:1    | Noticed Maurice
  8349 | Orc:1    | Reached ****** piety under Okawaru
  8361 | Orc:1    | Received a gift from Okawaru
  8374 | Orc:1    | Noticed an orc knight
  8374 | Orc:1    | Killed Maurice
  8394 | Orc:1    | Killed an orc knight
  8394 | Orc:1    | Reached XP level 12. HP: 94/94 MP: 14/14
  8474 | Orc:1    | Found Saucs's Weapon Shop.
  8792 | Orc:1    | Reached skill level 10 in Axes
  8973 | Orc:1    | Noticed an orc high priest
  8983 | Orc:1    | Killed an orc high priest
  9408 | Orc:2    | Entered Level 2 of the Orcish Mines
  9408 | Orc:2    | Found a staircase to the Elven Halls.
  9662 | Orc:2    | Reached skill level 13 in Shields
  9671 | Orc:2    | Noticed an orc warlord
  9674 | Orc:2    | Noticed a two-headed ogre
  9695 | Orc:2    | Killed a two-headed ogre
  9695 | Orc:2    | Received a gift from Okawaru
  9699 | Orc:2    | Got a faintly glowing broad axe {god gift}
  9700 | Orc:2    | Identified the +2 broad axe "Worm's Wrath" {flame, rPois
                  | rC- MR+++ Int-5} (Okawaru gifted it to you on level 2 of
                  | the Orcish Mines)
  9711 | Orc:2    | Killed an orc warlord
  9711 | Orc:2    | Reached XP level 13. HP: 26/101 MP: 13/15
  9719 | Orc:2    | Found Iqiemext's General Store.
  9719 | Orc:2    | Found Pikkaq's General Store.
  9965 | Orc:2    | Found Qoakic's Assorted Antiques.
  9967 | Orc:2    | Found Tauq's Armour Shoppe.
  9979 | Orc:2    | Bought the +0 cloak "Pumaodi" {rC+ Dex+3} for 322 gold
                  | pieces
 10063 | Orc:2    | Found Hacejaf's Food Emporium.
 10081 | Orc:2    | Found Lisydeni's Book Shop.
 10153 | Orc:2    | Found Ficer's Assorted Antiques.
 10226 | Orc:2    | Found Eqeil's Food Shoppe.
 10420 | Elf:1    | Entered Level 1 of the Elven Halls
 10434 | Elf:1    | Received a gift from Okawaru
 10441 | Elf:1    | Reached skill level 10 in Fighting
 10443 | Elf:1    | Got a warped battleaxe {god gift}
 10446 | Elf:1    | Identified the +1 battleaxe "Dragonslayer" {freeze, rN+}
                  | (Okawaru gifted it to you on level 1 of the Elven Halls)
 10519 | Elf:1    | Noticed Louise
 10544 | Elf:1    | Killed from afar by Louise

Skill      XL: |  1  2  3  4  5  6  7  8  9 10 11 12 13 |
---------------+----------------------------------------+-----
Shields        | 4 5 6 7 8 9 11 12 13 | 13.7
Fighting       | 4 5 6 7 8 9 10 | 10.0
Dodging        | 1 2 3 4 5 6 |  6.0
Armour         | 4 5 6 7 |  7.9
Long Blades    | 3 |  3.2
Polearms       | 2 |  2.0
Invocations    | 3 |  3.3
Axes           | 4 7 9 11 12 | 12.6

Action                   |  1- 3 |  4- 6 |  7- 9 | 10-12 | 13-15 || total
-------------------------+-------+-------+-------+-------+-------++-------
Melee: War axe           |    17 |       |    65 |       |       ||    82
       Spear             |    77 |   143 |    69 |       |       ||   289
       Falchion          |       |       |   153 |       |       ||   153
       Trident           |       |       |   105 |       |       ||   105
       Hand axe          |       |       |    99 |   296 |       ||   395
       Battleaxe         |       |       |       |   350 |    27 ||   377
       Broad axe         |       |       |       |    11 |    72 ||    83
Throw: Tomahawk          |       |       |     3 |     4 |       ||     7
Invok: Heroism           |       |       |       |     5 |       ||     5
       Finesse           |       |       |       |     2 |       ||     2
 Abil: Dig               |       |     1 |       |     6 |       ||     7
Evoke: Sack of spiders   |       |       |       |     1 |       ||     1
  Use: Scroll            |       |     6 |     3 |    15 |       ||    24
       Potion            |       |     4 |     2 |     6 |       ||    12
  Eat: Chunk             |       |     4 |     9 |    11 |     4 ||    28
       Ration            |       |       |     1 |     1 |       ||     2
Armor: Scale mail        |    13 |       |       |       |       ||    13
       Leather armour    |    28 |    21 |    79 |     3 |       ||   131
       Skin              |       |     4 |       |     2 |       ||     6
       Ring mail         |       |       |       |    40 |       ||    40
       Plate armour      |       |       |       |   104 |    35 ||   139
Dodge: Dodged            |    33 |    38 |   216 |   196 |    27 ||   510
Block: Shield            |    53 |    49 |   316 |    78 |       ||   496
       Large shield      |       |       |       |   663 |   119 ||   782
       Rpst.: Falchion   |       |       |    22 |       |       ||    22
